 Dungeon Crawl Stone Soup version 0.31.0-32-g396128a36d (webtiles) character file.

Game seed: 13775744989098673309

77 ThaPlane the Cudgeller (level 4, 0/26 HPs)
             Began as a Gargoyle Reaver on Apr 4, 2024.
             Was a Follower of Fedhas.
             Killed from afar by an orc wizard (9 damage)
             ... with a magic dart
             ... on level 3 of the Dungeon.
             The game lasted 00:15:53 (2443 turns).

ThaPlane the Cudgeller (Gargoyle Reaver)            Turns: 2443, Time: 00:15:53

Health: 0/26       AC:  8    Str: 18    XL:     4   Next: 33%
Magic:  7/7        EV:  7    Int: 13    God:    Fedhas [*.....]
Gold:   161        SH:  0    Dex:  8    Spells: 6/7 levels left

rFire   . . .        a - +0 mace
rCold   . . .        (no shield)
rNeg    + . .        e - +0 ring mail
rPois   ∞            (no helmet)
rElec   +            (no cloak)
rCorr   .            (no gloves)
SInv    .            (no boots)
Will    .....        (no amulet) Stlth
                     (no ring)
HPRegen 0.24/turn    (no ring)
MPRegen 0.10/turn

%: no passive effects
@: constricted
A: sickness immunity, AC +3, negative energy resistance 1, electricity
resistance, torment resistance 1, petrification resistance
a: Renounce Religion


You were on level 3 of the Dungeon.
You worshipped Fedhas.
Fedhas was aware of your devotion.
You visited 1 branch of the dungeon, and saw 3 of its levels.

You collected 161 gold pieces.

Inventory:

Hand Weapons
 a - a +0 mace (weapon)
Missiles
 b - 3 javelins (quivered)
Armour
 e - a +0 ring mail (worn)
Jewellery
 f - an amulet of faith
Wands
 g - a wand of acid (4)
 i - a wand of paralysis (8)
Scrolls
 h - a scroll of fog {unknown}
Potions
 c - a potion of heal wounds {unknown}


   Skills:
 - Level 2.1 Fighting
 + Level 5.0 Maces & Flails
 - Level 1.5 Dodging
 - Level 2.0 Spellcasting
 - Level 3.2 Conjurations


You had 6 spell levels left.
You knew the following spells:

 Your Spells              Type           Power      Damage    Failure   Level
a - Kiss of Death         Conj/Necr      20%        2d7       24%         1

Your spell library contained the following spells:

 Spells                   Type           Power      Damage    Failure   Level
 Momentum Strike          Conj/Tloc      10%        3d8       34%         2
 Hailstorm                Conj/Ice       5%         3d5       56%         3


Dungeon Overview and Level Annotations

Branches:
Dungeon (3/15)

Altars:
Fedhas
Kikubaaqudgha


Innate Abilities, Weirdness & Mutations

You are immune to sickness and miasma.
Your stone body is resilient. (AC +3)
You are immune to poison.
You resist negative energy. (rN+)
You are resistant to electric shocks. (rElec)
You are resistant to unholy torment.
You are immune to petrification.


Message History

Reactivating autopickup.
Something hits you.
* * * LOW HITPOINT WARNING * * *
Deactivating autopickup; reactivate with Ctrl-A.
The orc wizard hits you with a +0 dagger.
* * * LOW HITPOINT WARNING * * *
You feel better. Something hits you but does no damage.
The orc wizard hits you but does no damage.
You hit the orc wizard but do no damage.
Something hits you but does no damage. The orc wizard barely misses you.
You hear some strange, mumbled words.
Something tries to affect you, but you resist.
You hit the orc wizard.
The orc wizard is lightly wounded.
The orc wizard barely misses you. Something hits you but does no damage.
You barely miss the orc wizard.
The orc wizard is lightly wounded.
The orc wizard hits you but does no damage.
The ball python bites you but does no damage.
The ball python barely misses you. Something hits you but does no damage.
You closely miss the orc wizard.
The orc wizard is lightly wounded.
The orc wizard barely misses you.
The ball python bites you but does no damage.
The ball python grabs you. The ball python constricts you.
You hear some strange, mumbled words.
A puff of flame appears from out of thin air!
The puff of flame hits you!
You sock the orc wizard!
The orc wizard is heavily wounded.
The ball python bites you but does no damage.
The ball python constricts you.
The orc wizard hits you but does no damage.
Something hits you but does no damage.
The ball python bites you but does no damage.
The ball python constricts you.
The orc wizard gestures at you while chanting.
The magic dart hits you!
You die...
Fedhas appreciates your contribution to the ecosystem.

###########
#.........# #######
#.........# #......
#.........#####......
#....................
#....#...............
#...>................
#.....#...........#.#
#..{@o............#.#
####S#..............#
#.##.............#
#.##..........####
#.##..........#...
#.###...##.####..#
#.# ###..#.## #_..
#.# ##....# #..# ...
###.)###...


You could see an orc wizard and a ball python.

Vanquished Creatures
  Ijyb (D:3)
  An adder (D:3)
  A ribbon worm (D:3)
  An orc (D:3)
  4 endoplasms (D:1)
  2 giant cockroaches
  5 goblins
  3 hobgoblins
  2 kobolds (D:1)
  3 quokkas
  4 ball pythons
  4 bats
  A frilled lizard (D:1)
  4 rats
36 creatures vanquished.

Notes
Turn   | Place    | Note
-------+----------+-------------------------------------------
     0 | D:1      | ThaPlane the Gargoyle Reaver began the quest for the Orb.
     0 | D:1      | Reached XP level 1. HP: 12/12 MP: 3/3
    87 | D:1      | Reached XP level 2. HP: 17/17 MP: 5/5
   325 | D:1      | Reached skill level 4 in Maces & Flails
   447 | D:1      | Reached XP level 3. HP: 8/21 MP: 6/6
  1211 | D:2      | Found a faded altar of an unknown god.
  1218 | D:2      | Prayed at the altar of an unknown god.
  1218 | D:2      | Became a worshipper of Fedhas Madash
  1218 | D:2      | Reached * piety under Fedhas
  1948 | D:3      | Noticed Ijyb
  1952 | D:3      | Killed Ijyb
  1953 | D:3      | Reached XP level 4. HP: 26/26 MP: 7/7
  2143 | D:3      | Reached skill level 5 in Maces & Flails
  2210 | D:3      | Found an ancient bone altar of Kikubaaqudgha.
  2443 | D:3      | Killed from afar by an orc wizard

Illustrated notes

Levels and vault maps discovered:
D:1:      wander_arrival_fairy_ring, layout_basic
D:2:      layout_basic, basic_ecumenical_altar
D:3:      layout_basic, lemuel_coloured_pillars_altar, serial_shops,
          nicolae_shop_back_alley_shop, uniq_ijyb

Skill      XL: |  1  2  3  4 |
---------------+-------------+-----
Maces & Flails | 4 5 |  5.0
Fighting       | |  2.1
Dodging        | |  1.5
Spellcasting   | |  2.0
Conjurations   | |  3.2

Action                     |  1- 3 |  4- 6 || total
---------------------------+-------+-------++-------
  Melee: Mace              |   125 |    33 ||   158
         Punch             |     2 |       ||     2
  Throw: Javelin           |     3 |       ||     3
  Evoke: Wand              |     2 |     1 ||     3
    Use: Scroll            |     1 |       ||     1
         Potion            |       |     3 ||     3
 Armour: Leather armour    |    37 |       ||    37
         Ring mail         |    53 |    57 ||   110
  Dodge: Dodged            |    88 |    18 ||   106
